AoeStats
← Mr. Crypto Satoshi

Arena

509754169Analyzed
2v2 RM · 6d ago on Sep 27, 2026· 26m 36s· 4 players
Game mode
Random Map
Map size
Medium (4 player)
Population
200
Speed
Normal
Resources
Standard
Victory
Conquest
Starting age
Dark Age
Ending age
Imperial Age
RankedLock teamsTeams togetherTeam positionsShared explorationLock speedFull tech treeHidden civsTurbo modeCheats
Victory
Defeat
🇩🇪 Bulgarians · Germany
949
+17
🇭🇰 Koreans · Hong Kong SAR China
889
+19
🇧🇷 Persians · Brazil
1063
-22
🇧🇷 Turks · Brazil
876
-14
DeAqualips
10:39 Feudal Age
15:45 Castle Age
14:59 Double-Bit Axe
15:53 Loom
16:00 Horse Collar
16:49 Horse Collar
17:57 Scale Mail Armor
18:46 Chain Mail Armor
19:28 Arson
20:05 Forging
21:48 Squires
22:26 Iron Casting
22:08 Stone Mining
22:31 Fletching
23:12 Bow Saw
cherripunji
0:26 Loom
10:58 Feudal Age
15:56 Castle Age
16:13 Gold Mining
18:49 Gold Shaft Mining
19:01 Double-Bit Axe
23:07 Horse Collar
Mr. Crypto Satoshi
13:46 Feudal Age
12:08 Loom
16:40 Horse Collar
16:50 Double-Bit Axe
16:59 Gold Mining
19:48 Castle Age
19:10 Stone Mining
22:00 Scale Barding Armor
22:06 Forging
21:57 Scale Mail Armor
BUTTMAN
11:14 Feudal Age
16:05 Castle Age
14:56 Double-Bit Axe
21:19 Bloodlines
22:10 Husbandry
Connection lost

Rejoining the realm…

Still unreachable

The connection could not be restored.

Session expired

The server has moved on; the page needs a fresh start.